 Dungeon Crawl Stone Soup version 0.25.0-10-g039870ee82 (webtiles) character file.

Game seed: 3005739872717120430

72 Froggeryz the Ruffian (level 4, -3/25 HPs)
             Began as a Gargoyle Transmuter on June 23, 2020.
             Slain by a gnoll
             ... wielding a +4 flail
              (5 damage)
             ... on level 2 of the Dungeon.
             The game lasted 00:01:39 (1220 turns).

Froggeryz the Ruffian (Gargoyle Transmuter)         Turns: 1220, Time: 00:01:40

Health: -3/25      AC:  9    Str: 14    XL:     4   Next: 25%
Magic:  7/7        EV: 10    Int: 13    God:
Gold:   42         SH:  0    Dex: 11    Spells: 7/7 levels left

rFire    + . .     SeeInvis .     - Unarmed
rCold    . . .     Gourm    .   (no shield)
rNeg     + . .     Faith    .   h - +0 ring mail
rPois    ∞         Spirit   .   (no helmet)
rElec    +         Reflect  .   (no cloak)
rCorr    .         Harm     .   (no gloves)
MR       .....                  f - +0 pair of boots
Stlth    +.........             (no amulet)
HPRegen  0.08/turn              j - ring of protection from fire
MPRegen  0.10/turn              (no ring)

@: no status effects
A: negative energy resistance 1, electricity resistance, unbreathing,
petrification resistance, rot immunity, AC +3
a: no special abilities


You were on level 2 of the Dungeon.
You were not hungry.

You visited 1 branch of the dungeon, and saw 2 of its levels.

You collected 42 gold pieces.

Inventory:

Missiles
 a - 36 arrows
Armour
 f - a +0 pair of boots (worn)
 h - a +0 ring mail (worn)
Jewellery
 j - a ring of protection from fire (left hand)
Potions
 b - a potion of heal wounds {unknown}
 e - 2 potions of curing {unknown}
 g - 3 potions of haste {unknown}
 i - a potion of mutation {unknown}
Comestibles
 c - 3 chunks of flesh
 d - 2 rations


   Skills:
 - Level 1.1 Fighting
 - Level 1.5 Dodging
 * Level 5.0 Unarmed Combat
 - Level 2.0 Spellcasting
   Level 1.5 Transmutations


You had 7 spell levels left.
You didn't know any spells.
Your spell library contained the following spells:

 Spells                   Type           Power        Failure   Level  Hunger
 Beastly Appendage        Tmut           #.....       28%         1    ##.....
 Sticks to Snakes         Tmut           #.......     38%         2    ###....
 Spider Form              Tmut/Pois      #.........   75%         3    ####...
 Ice Form                 Ice/Tmut       #.......     98%         4    #####..
 Blade Hands              Tmut           #.........   100%        5    ######.


Dungeon Overview and Level Annotations

Branches:
Dungeon (2/15)

Altars:


Innate Abilities, Weirdness & Mutations

You are resistant to torment.
Your stone body is resilient. (AC +3)
You are immune to poison.
You resist negative energy. (rN+)
You are resistant to electric shocks. (rElec)
You can survive without breathing.
You are immune to petrification.
You are immune to rotting.


Message History

The gnoll barely misses you.
You barely miss the gnoll.
The gnoll is heavily wounded.
The gnoll closely misses you.
You hit the gnoll but do no damage.
The gnoll is heavily wounded.
You punch the gnoll!
You kill the gnoll!
Your Unarmed Combat skill increases to level 5!
You see here a +0 halberd.
There is a stone staircase leading down here.
You start resting.
You climb downwards.
The gnoll hits you with a +4 flail.
There is a stone staircase leading up here.
You hit the gnoll.
The gnoll is lightly wounded.
The gnoll hits you with a +4 flail.
* * * LOW HITPOINT WARNING * * *
The gnoll hits you but does no damage. The gnoll hits you with a +4 flail.
You die...

### #. ..##. .... #...
##.... ##..#..
#################..###.
#.....@gg...$..g.......
##.##############.#####
#.# # ..# ### ..## #..
.%. #..# ....#g.g##
.......## # .# #


You could see 2 gnolls.

Vanquished Creatures
  Terence (D:1)
  A gnoll (D:1)
  2 dart slugs
  A leopard gecko (D:1)
  2 bats (D:1)
  A giant cockroach (D:1)
  6 goblins (D:1)
  4 hobgoblins (D:1)
  2 jackals (D:1)
  A quokka (D:2)
  A ball python (D:2)
  A frilled lizard (D:1)
  4 kobolds (D:1)
  A rat (D:1)
28 creatures vanquished.

Notes
Turn   | Place    | Note
-------+----------+-------------------------------------------
     0 | D:1      | Froggeryz the Gargoyle Transmuter began the quest for the
                  | Orb.
     0 | D:1      | Reached XP level 1. HP: 12/12 MP: 3/3
   170 | D:1      | Reached XP level 2. HP: 15/16 MP: 5/5
   477 | D:1      | Reached skill level 4 in Unarmed Combat
   635 | D:1      | Reached XP level 3. HP: 18/20 MP: 6/6
   949 | D:2      | Noticed Terence
  1020 | D:1      | Killed Terence
  1020 | D:1      | Reached XP level 4. HP: 11/25 MP: 7/7
  1197 | D:1      | Reached skill level 5 in Unarmed Combat
  1220 | D:2      | Slain by a gnoll

Illustrated notes

Levels and vault maps discovered:
D:1:      psy_arrival_conway, layout_loops_cross, minmay_pentomino_t4
D:2:      layout_rooms, lemuel_round_altar, nicolae_dithmenos_shadow_blocks,
          uniq_terence, uniq_robin

Skill      XL: |  1  2  3  4 |
---------------+-------------+-----
Unarmed Combat | 4 5 |  5.0
Fighting       | |  1.1
Dodging        | |  1.5
Spellcasting   | |  2.0
Transmutations | |  1.5

Action                   |  1- 3 |  4- 6 || total
-------------------------+-------+-------++-------
Melee: Unarmed           |   149 |     6 ||   155
       Punch             |     2 |       ||     2
  Use: Scroll            |     1 |       ||     1
  Eat: Chunk             |       |     1 ||     1
Armor: Robe              |    15 |       ||    15
       Ring mail         |    41 |     1 ||    42
Dodge: Dodged            |    75 |     4 ||    79
